cohdb
Replays
Latest Replays
All Replays
Popular Replays
Top Player Replays
Match Explorer
How It Works
Community
CoH3 Stats
Reddit
Sign in to upload your games and track your stats! →
Sign in with Steam
Match 37887022
Unlisted
Match 37887022
Overview
Messages
Build Orders
End
Construct Weapon Support Center
Selects Armored Battlegroup
Sniper
M1919 Machine Gun Team
M1919 Machine Gun Team
Air Support Center
M1919 Machine Gun Team
Selects Veteran Crews
Grasshopper Recon Run
Air Supply
P-47 Strafing Run
P-47 Dive Bomb
Grasshopper Recon Run
P-47 Strafing Run
P-47 Dive Bomb
Double Sortie
M1919 Machine Gun Team
M1919 Machine Gun Team
P-47 Strafing Run
Grasshopper Recon Run
P-47 Dive Bomb
P-47 Strafing Run
Advanced Air Reconnaissance
Air Supremacy
Selects Strength in Steel
Grasshopper High-Altitude Recon Run
P-47 Strafing Run
P-47 Dive Bomb
P-47 Strafing Run
Selects M8 Scott SPG
M8 Scott SPG
Grasshopper High-Altitude Recon Run
P-47 Dive Bomb
M8 Scott SPG
Grasshopper High-Altitude Recon Run
M1919 Machine Gun Team
P-47 Strafing Run
M8 Scott SPG
Engineer Squad
Engineer Squad
Grasshopper High-Altitude Recon Run
P-47 Dive Bomb
P-47 Strafing Run
P-47 Strafing Run
Grasshopper High-Altitude Recon Run
Honey
khj
Zebra
kpudk
Max Emotional Damage
帝国师-大护法
wpedsa
supercondition
0
0
Comments
sign in to comment!
No comments posted yet!